 Dungeon Crawl Stone Soup version 0.32-a0-871-ge202e49faa (webtiles) character file.

Game seed: 1019558666532728227

51 smashvw the Trooper (level 3, 0/20 HPs)
             Began as a Vine Stalker Fighter on Mar 29, 2024.
             Slain by Sigmund
             ... wielding a +2 scythe of freezing
              (7 damage)
             ... on level 2 of the Dungeon.
             The game lasted 00:02:47 (981 turns).

smashvw the Trooper (Vine Stalker Fighter)           Turns: 981, Time: 00:02:47

Health: 0/20       AC:  6    Str: 20    XL:     3   Next: 83%
Magic:  0/4        EV:  8    Int:  8    God:
Gold:   36         SH:  0    Dex: 13    Spells: 2/2 levels left

rFire   . . .        a - +0 rapier
rCold   . . .        c - +0 buckler
rNeg    . . .        b - +0 scale mail
rPois   .            (no helmet)
rElec   .            (no cloak)
rCorr   .            (no gloves)
SInv    .            (no boots)
Will    .....        (no amulet) Stlth
                     (no ring)
HPRegen 1.03/turn    (no ring)
MPRegen 0.09/turn

%: guardian spirit
@: confused, mighty
A: fangs 2, regeneration 1, magic shield, antimagic bite, no potion heal 2
a: no special abilities


You were on level 2 of the Dungeon.
You visited 1 branch of the dungeon, and saw 2 of its levels.

You collected 36 gold pieces.

Inventory:

Hand Weapons
 a - a +0 rapier (weapon)
Armour
 b - a +0 scale mail (worn)
 c - a +0 buckler (worn)
Scrolls
 g - 3 scrolls of poison {unknown}
Potions
 e - a potion of mutation {unknown}
 f - a potion of enlightenment {unknown}


   Skills:
 + Level 3.1 Fighting
 + Level 2.4 Short Blades
 + Level 2.8 Armour
 + Level 3.1 Shields


You had 2 spell levels left.
You didn't know any spells.
Your spell library was empty.

Dungeon Overview and Level Annotations

Branches:
Dungeon (2/15)

Altars:

Annotations:
D:2 Sigmund


Innate Abilities, Weirdness & Mutations

You have extremely sharp teeth.
Your natural rate of healing is unusually fast.
When hurt, damage is shared between your health and your magic reserves.
Your bite disrupts and absorbs the magic of your enemies.
Potions cannot restore your health.


Message History

You kill the hobgoblin!
You feel sick.
No target in view!
No target in view!
You feel sick.
You feel sick.
You are no longer poisoned.
Magic restored.
Sigmund the Dreaded comes into view.
He is wielding a +2 scythe of freezing and wearing a +2 robe of willpower.
Sigmund shouts!
Sigmund moves out of view.
You see here 12 gold pieces.
Sorry, you're not good enough to have a special ability.
You feel very mighty all of a sudden.
Sigmund gestures wildly while chanting.
Sigmund flickers and vanishes!
Deactivating autopickup; reactivate with Ctrl-A.
You hear some strange, mumbled words.
You are confused.
You closely miss something. Your bite misses something. Something hits you.
Something freezes you.
You bump into the rock wall.
You hear some strange, mumbled words.
You are more confused.
You bump into the rock wall.
Something hits you but does no damage. Something hits you!
Something freezes you.
You miss something. Your bite misses something.
You hear some strange, mumbled words.
You are more confused.
Something hits you but does no damage.
You bump into the rock wall.
You bump into the rock wall.
Something hits you. Something freezes you. Something hits you.
Something freezes you.
You miss something. Something hits you.
* * * LOW HITPOINT WARNING * * *
Something freezes you.
* * * LOW HITPOINT WARNING * * *
Something hits you!
You die...

......................#
......###.....#......#
......##...##.#..<.>.#
#####.#..............#
#...#######........
###$#### ##.#####..
#....{.# #.. ..
#......# ##.# .
#....@.# #......#
#......# ########


There were no monsters in sight!

Vanquished Creatures
  2 adders (D:2)
  A ribbon worm (D:2)
  2 ball pythons (D:1)
  4 endoplasms (D:1)
  A giant cockroach (D:1)
  2 goblins (D:1)
  6 hobgoblins
  3 kobolds
  3 bats
  2 frilled lizards (D:1)
  A rat (D:1)
27 creatures vanquished.

Notes
Turn   | Place    | Note
-------+----------+-------------------------------------------
     0 | D:1      | smashvw the Vine Stalker Fighter began the quest for the
                  | Orb.
     0 | D:1      | Reached XP level 1. HP: 11/11 MP: 2/2
   159 | D:1      | Reached XP level 2. HP: 16/16 MP: 3/3
   774 | D:1      | Reached XP level 3. HP: 18/20 MP: 4/4
   965 | D:2      | Noticed Sigmund
   981 | D:2      | Slain by Sigmund

Illustrated notes

Levels and vault maps discovered:
D:1:      dpeg_arrival_round_a, layout_basic
D:2:      layout_rooms, shapermc_ecumenical_altar_totnotflames, basic_altar,
          chequers_serial_rivers_marsh, hangedman_decor_push, uniq_sigmund

Skill      XL: |  1  2  3 |
---------------+----------+-----
Short Blades   | 2 |  2.4
Fighting       | 3 |  3.1
Shields        | 3 |  3.1
Armour         | |  2.8

Action                     || total
---------------------------++-------
  Melee: Rapier            ||    85
         Bite              ||    17
    Use: Potion            ||     1
 Armour: Scale mail        ||    75
  Dodge: Dodged            ||    28
  Block: Buckler           ||    11

Table legend: (Time is in decaauts)
 A = Elapsed time spent in this place.
 B = Non-inter-level travel time spent in this place.
 C = Inter-level travel time spent in this place.
 D = Time resting spent in this place.
 E = Time spent auto-exploring this place.
 F = Levels seen in this place.
 G = Mean time per level.
                   A        B        C        D        E       F      G
               +--------+--------+--------+--------+--------+-----+--------+
         Total |    991 |    985 |      6 |      0 |    756 |   2 |  495.5 |
       Dungeon |    991 |    985 |      6 |      0 |    756 |   2 |  495.5 |
               +--------+--------+--------+--------+--------+-----+--------+

Top non-repeatable levels by time:
     D:1: 854 daAuts
     D:2: 137 daAuts
